 Dungeon Crawl Stone Soup version 0.28-a0-2-g643f2454ad (webtiles) character file.

Game seed: 11251147439180499754

94 Blejac999 the Ducker (level 4, -1/33 HPs)
             Began as a Djinni Gladiator on July 22, 2021.
             Killed from afar by a white imp (7 damage)
             ... with a puff of frost
             ... summoned by Natasha
             ... on level 2 of the Dungeon.
             The game lasted 00:04:12 (1173 turns).

Blejac999 the Ducker (Djinni Gladiator)             Turns: 1173, Time: 00:04:12

Health: -1/33      AC:  4    Str: 14    XL:     4   Next: 94%
Gold:   61         EV: 13    Int:  9    God:
                   SH:  0    Dex: 15

rFire   + + .      SeeInvis .   a - +0 long sword
rCold   x . .      Faith    .   (no shield)
rNeg    . . .      Spirit   .   b - +0 leather armour
rPois   ∞          Reflect  .   c - +0 helmet
rElec   .          Harm     .   (no cloak)
rCorr   .          Rampage  .   (no gloves)
Will    .....                   (boots unavailable)
Stlth   +.........              (no amulet)
HPRegen 0.11/turn               (no ring)
MPRegen 0.00/turn               (no ring)

@: flying, slowed, very slow
A: sickness immunity, fire resistance 2, cold vulnerability 1, float, innate
caster, hp casting, extra vitality 1
a: no special abilities


You were on level 2 of the Dungeon.
You visited 1 branch of the dungeon, and saw 3 of its levels.

You collected 61 gold pieces.

Inventory:

Hand Weapons
 a - a +0 long sword (weapon)
Armour
 b - a +0 leather armour (worn)
 c - a +0 helmet (worn)
Scrolls
 e - 2 scrolls of fear
 f - a scroll of identify
 g - a scroll of immolation


   Skills:
 + Level 2.3 Fighting
 + Level 3.7 Long Blades
 + Level 1.7 Throwing
 + Level 1.3 Armour
 + Level 4.1 Dodging


You had 2 spell levels left.
You knew the following spells:

 Your Spells              Type           Power      Damage    Failure   Level
a - Animate Skeleton      Necr           0%         N/A       45%         1
Your spell library was empty.

Dungeon Overview and Level Annotations

Branches:
Dungeon (3/15)

Altars:
Elyvilon

Annotations:
D:2 Natasha


Innate Abilities, Weirdness & Mutations

You are immune to sickness and miasma.
You are immune to poison.
Your flesh is very heat resistant. (rF++)
You are vulnerable to cold. (rC-)
You float through the air rather than walking.
You learn spells naturally, not from books.
Your magical power is your life essence.
You have superior vitality. (+4 HP)


Message History

The shadow imp closely misses you.
Natasha mumbles some strange words.
The shadow imp barely misses you.
Natasha stares at you and mumbles some strange words.
The magic dart hits you!
Throw: throwing net
Press: ? - help, Q - select action, (/) - cycle Shift-Dir - straight line You throw a throwing net.
The throwing net hits Natasha.
Natasha is caught in the net!
Natasha is moderately wounded.
The shadow imp hits you but does no damage.
Natasha struggles against the net. x2
You catch the helpless Natasha completely off-guard!
You hit Natasha.
Natasha is severely wounded.
The shadow imp closely misses you.
Natasha struggles against the net.
The shadow imp barely misses you.
You riposte.
You hit the shadow imp.
The shadow imp is lightly wounded.
Natasha struggles against the net.
You strike the helpless Natasha from behind!
You hit Natasha but do no damage.
Natasha is severely wounded.
The shadow imp barely misses you.
Natasha struggles against the net.
The net rips apart, and Natasha comes free!
The white imp gestures at you. The puff of frost hits you.
The shadow imp closely misses you.
You riposte.
You hit the shadow imp.
The shadow imp is moderately wounded.
Natasha closely misses you.
You closely miss Natasha.
Natasha is severely wounded.
The white imp misses you.
The shadow imp shouts, "Take thy face hence, thou loggerheaded common-kissing flap-bat!"
The shadow imp hits you.
* * * LOW HITPOINT WARNING * * *
Natasha mumbles some strange words.
Natasha's front paws start to glow.
Natasha casts a spell.
The white imp gestures at you. The puff of frost hits you!
You feel a terrible chill!
You die...

...?...# #.. #..##.# #.#
#..##.###########.#
#..÷.............>.
###.###.<##.######.####..
#.[....÷..#.#####...###..
#.#####...#..........##..
#.5..######...###<.
#.@5.# ##.## #.. ##h5.#
#.## #.. ....##
#####..###.. .......
.............
#...##...########.#####
#... #...# #.# ... .....
... .. .....# ##.# ..#


You could see Natasha, a crimson imp (summoned), a white imp (summoned) and a
shadow imp (summoned).

Vanquished Creatures
  Natasha (D:2)
  Terence (D:2)
  An adder (D:3)
  A dart slug (D:1)
  3 orcs (D:3)
  2 endoplasms (D:1)
  A goblin (D:1)
  4 hobgoblins
  2 jackals (D:1)
  2 quokkas (D:1)
  3 ball pythons
  4 bats
  6 kobolds
  3 rats (D:1)
34 creatures vanquished.

Notes
Turn   | Place    | Note
-------+----------+-------------------------------------------
     0 | D:1      | Blejac999 the Djinni Gladiator began the quest for the Orb.
     0 | D:1      | Reached XP level 1. HP: 18/18 MP: 0/0
    51 | D:1      | Reached XP level 2. HP: 22/23 MP: 0/0
   338 | D:1      | Reached XP level 3. HP: 15/28 MP: 0/0
   338 | D:1      | Learned a level 1 spell: Animate Skeleton
   695 | D:1      | Reached skill level 4 in Dodging
   773 | D:2      | Noticed Natasha
   779 | D:2      | Killed Natasha
   780 | D:2      | Reached XP level 4. HP: 33/33 MP: 0/0
   807 | D:3      | Found a white marble altar of Elyvilon.
   841 | D:3      | Reached skill level 1 in Armour
   934 | D:2      | Noticed Terence
   955 | D:2      | Killed Terence
   963 | D:2      | Noticed Natasha
  1173 | D:2      | Killed from afar by a white imp

Illustrated notes

Levels and vault maps discovered:
D:1:      nzn_arrival_water_spiral, layout_basic, st_stairs_8
D:2:      layout_loops_ring, chequers_ecumenical_altar_grove, uniq_robin,
          uniq_natasha, uniq_terence, uniq_jessica
D:3:      layout_basic, mainiacjoe_overflow_catch_the_wave,
          mainiacjoe_overflow_tiny_flanked

Skill      XL: |  1  2  3  4 |
---------------+-------------+-----
Long Blades    | 3 |  3.7
Dodging        | 4 |  4.1
Armour         | 1 |  1.3
Fighting       | |  2.3
Throwing       | |  1.7

Action                   |  1- 3 |  4- 6 || total
-------------------------+-------+-------++-------
Melee: Long sword        |    61 |    39 ||   100
Throw: Throwing net      |       |     4 ||     4
  Use: Potion            |     1 |       ||     1
       Scroll            |     3 |     1 ||     4
 Stab: Sleeping          |     1 |       ||     1
       Held in net/web   |       |     3 ||     3
Armor: Leather armour    |    21 |     7 ||    28
Dodge: Dodged            |    60 |    32 ||    92
       Rpst.: Long sword |    16 |    10 ||    26

Table legend: (Time is in decaauts)
 A = Elapsed time spent in this place.
 B = Non-inter-level travel time spent in this place.
 C = Inter-level travel time spent in this place.
 D = Time resting spent in this place.
 E = Time spent auto-exploring this place.
 F = Levels seen in this place.
 G = Mean time per level.
                   A        B        C        D        E       F      G
               +--------+--------+--------+--------+--------+-----+--------+
         Total |   1203 |   1203 |      0 |    363 |    448 |   3 |  401.0 |
       Dungeon |   1203 |   1203 |      0 |    363 |    448 |   3 |  401.0 |
               +--------+--------+--------+--------+--------+-----+--------+

Top non-repeatable levels by time:
     D:1: 975 daAuts
     D:3: 122 daAuts
     D:2: 105 daAuts
